 Dungeon Crawl Stone Soup version 0.29.0-4-gdea44cf6ec (webtiles) character file.

Game seed: 17729792293854638350

108 qw the Chopper (level 4, -2/26 HPs)
             Began as a Tengu Warper on Aug 28, 2022.
             Slain by a gnoll
             ... wielding a +0 flail
              (3 damage)
             ... on level 3 of the Dungeon.
             The game lasted 00:00:18 (2858 turns).

qw the Chopper (Tengu Warper)                       Turns: 2858, Time: 00:00:18

Health: -2/26      AC: 10    Str: 13    XL:     4   Next: 87%
Magic:  8/8        EV:  3    Int: 14    God:
Gold:   97         SH:  0    Dex: 13    Spells: 7/7 levels left

rFire   . . .      SeeInvis .   Y - +0 hand axe
rCold   . . .      Faith    .   (no shield)
rNeg    + . .      Spirit   .   g - +0 chain mail
rPois   .          Reflect  +   (helmet restricted)
rElec   .          Harm     .   (no cloak)
rCorr   .          Rampage  .   k - +1 pair of gloves
Will    .....                   (boots unavailable)
Stlth   ..........              m - amulet of reflection
HPRegen 0.08/turn               j - ring of positive energy
MPRegen 0.11/turn               (no ring)

@: held
A: beak, talons 3
a: no special abilities


You were on level 3 of the Dungeon.
You visited 1 branch of the dungeon, and saw 3 of its levels.

You collected 97 gold pieces.


Innate Abilities, Weirdness & Mutations

You have a beak for a mouth.
You have claws for feet.


   Skills:
 - Level 2.0 Fighting
 + Level 5.1 Axes
 - Level 1.0 Throwing
 - Level 2.0 Armour
 - Level 2.1 Dodging
 - Level 2.0 Spellcasting
 - Level 2.4 Translocations


You had 7 spell levels left.
You didn't know any spells.
Your spell library contained the following spells:

 Spells                   Type           Power      Damage    Failure   Level
 Blink                    Tloc           16%        N/A       99%         2
 Gell's Gravitas          Tloc           8%         N/A       100%        3
 Lesser Beckoning         Tloc           8%         N/A       100%        3
 Teleport Other           Tloc           8%         N/A       100%        3
 Manifold Assault         Tloc           8%         N/A       100%        5

Inventory:

Hand Weapons
 f - a +0 flail
 Y - a +0 hand axe (weapon)
Armour
 d - a +2 ring mail of fire resistance
 g - a +0 chain mail (worn)
 k - a +1 pair of gloves (worn)
Jewellery
 b - a ring of protection from fire
 j - a ring of positive energy (left hand)
 m - an amulet of reflection (around neck)
Scrolls
 a - a scroll of identify
Potions
 e - a potion of heal wounds {unknown}
 i - a potion of berserk rage {unknown}
 o - a potion of curing {unknown}

Dungeon Overview and Level Annotations

Branches:
Dungeon (3/15)

Altars:

Annotations:
D:3 Grinder


Message History

Grinder blinks!
You hit Grinder but do no damage. Your kick misses Grinder.
Grinder is almost dead.
Grinder blinks!
You barely miss Grinder.
Grinder is almost dead.
Grinder hits you.
You writhe in agony.
2540 ||| READING scroll of teleportation.
As you read the scroll of teleportation, it crumbles to dust.
You feel strangely unstable.
Grinder blinks!
Grinder hits you but does no damage.
You closely miss Grinder.
Grinder is almost dead.
Your surroundings suddenly seem different.
You start resting.
HP restored.
You enter a teleport trap!
The teleport trap disappears.
Your surroundings suddenly seem different. 2 gnolls come into view.
The gnoll shouts! x2
A gnoll comes into view. It is wielding a +0 spear.
The gnoll moves out of view. x2
2851 ||| Stepping ~*~*~tactically~*~*~ (stealth).
2853 ||| Stepping ~*~*~tactically~*~*~ (hiding).
The gnoll shouts!
The gnoll throws a throwing net.
The throwing net hits you.
You become entangled in the net!
The gnoll hits you with a +0 flail.
You see here a throwing net.
You struggle against the net.
The gnoll hits you from afar with a +0 spear!
The gnoll hits you with a +0 flail.
You struggle against the net.
The gnoll hits you but does no damage. The gnoll hits you with a +0 flail!
You struggle against the net.
The gnoll hits you but does no damage. The gnoll hits you with a +0 flail.
You struggle against the net.
The gnoll hits you from afar with a +0 spear.
The gnoll hits you with a +0 flail.
You die...

#......###.#.###.## ##
####..........#......# .#
..........#########..# .#
##..........#......# .##
##.....###.#.###..#
..#############..# #.#.# #..#
.................###.#.###..#
.>############....g.........#
.## #..@#..........# .#
#..#g########### ######
#..### .....#########..#
................#
........######..## ####.##.#
#...# #.##.######.#.#
#.##........#.#


You could see 2 gnolls.

Vanquished Creatures
  5 adders (D:2)
  An adder zombie (D:2)
  A worm (D:3)
  A dart slug (D:1)
  An orc (D:3)
  6 ball pythons
  7 endoplasms
  2 giant cockroaches
  6 hobgoblins
  5 jackals
  4 kobolds
  3 quokkas
  2 ball python zombies (D:2)
  A frilled lizard (D:2)
  A giant cockroach zombie (D:2)
  3 goblins
  4 rats
53 creatures vanquished.

Vanquished Creatures (others)
  17 plants (D:3)
  3 withered plants (D:2)
20 creatures vanquished.

Grand Total: 73 creatures vanquished

Notes
Turn   | Place    | Note
-------+----------+-------------------------------------------
     0 | D:1      | qw the Tengu Warper began the quest for the Orb.
     0 | D:1      | Reached XP level 1. HP: 12/12 MP: 4/4
     0 | D:1      | 0 ||| qw: Version: 0.1-a-89-g26bdef1
     0 | D:1      | 0 ||| qw: Game counter: 2262
     0 | D:1      | 0 ||| qw: Always use a shield: true
     0 | D:1      | 0 ||| qw: God list: Okawaru
     0 | D:1      | 0 ||| qw: Allow faded altars: false
     0 | D:1      | 0 ||| qw: Do Orc after D:15 true
     0 | D:1      | 0 ||| qw: Do second Lair branch before Depths: true
     0 | D:1      | 0 ||| qw: Lair rune preference: random
     0 | D:1      | 0 ||| qw: Plans: Normal
     0 | D:1      | 0 ||| PLANNING D:1-11
   146 | D:1      | 146 ||| Stepping ~*~*~tactically~*~*~ (stealth).
   195 | D:1      | Reached skill level 3 in Axes
   195 | D:1      | Reached XP level 2. HP: 15/17 MP: 6/6
   263 | D:1      | 263 ||| Stepping ~*~*~tactically~*~*~ (stealth).
   276 | D:1      | 276 ||| Stepping ~*~*~tactically~*~*~ (stealth).
   284 | D:1      | 284 ||| Stepping ~*~*~tactically~*~*~ (stealth).
   987 | D:1      | 987 ||| UPGRADING to +0 chain mail.
   997 | D:1      | 997 ||| DROPPING +0 leather armour.
   998 | D:1      | 998 ||| UPGRADING to +0 pair of gloves.
  1003 | D:1      | 1003 ||| READING 2 scrolls labelled BEOG ISTOPI.
  1004 | D:1      | 1004 ||| READING 2 scrolls labelled IMIXKY GUORPHUXZUO.
  1005 | D:1      | 1005 ||| READING scroll of enchant armour.
  1005 | D:1      | 1005 ||| ENCHANTING +0 pair of gloves.
  1006 | D:1      | 1006 ||| READING scroll labelled SULECLOENU.
  1007 | D:1      | 1007 ||| DROPPING scroll of blinking.
  1032 | D:2      | Found a faded altar of an unknown god.
  1049 | D:2      | Reached XP level 3. HP: 21/21 MP: 7/7
  1132 | D:2      | Reached skill level 4 in Axes
  1272 | D:2      | 1272 ||| Stepping ~*~*~tactically~*~*~ (stealth).
  1321 | D:2      | Reached XP level 4. HP: 21/26 MP: 8/8
  1413 | D:2      | 1413 ||| Stepping ~*~*~tactically~*~*~ (stealth).
  1540 | D:2      | Reached skill level 5 in Axes
  1572 | D:2      | 1572 ||| DROPPING +0 whip.
  1877 | D:2      | 1877 ||| UPGRADING to amulet of reflection.
  1882 | D:2      | 1882 ||| UPGRADING to ring of positive energy.
  1883 | D:2      | 1883 ||| READING 2 scrolls labelled ICRAET NEGO.
  1884 | D:2      | 1884 ||| READING scroll labelled TEAGAR ZA NALU.
  1885 | D:2      | 1885 ||| READING scroll labelled QYWEMEGOLU.
  2009 | D:2      | 2009 ||| READING 3 scrolls labelled LUIMNECIUG.
  2010 | D:2      | 2010 ||| READING scroll labelled FIUCUU HUSKE.
  2015 | D:2      | 2015 ||| READING 2 scrolls of identify.
  2015 | D:2      | 2015 ||| IDENTIFYING smoky pink potion
  2016 | D:2      | 2016 ||| DROPPING scroll of amnesia.
  2017 | D:2      | 2017 ||| DROPPING potion of degeneration.
  2018 | D:2      | 2018 ||| DROPPING 2 scrolls of immolation.
  2042 | D:3      | 2042 ||| STAIRDANCE
  2435 | D:3      | 2435 ||| DROPPING +2 whip of venom.
  2502 | D:3      | Noticed Grinder
  2521 | D:3      | 2521 ||| FLEEEEING.
  2522 | D:3      | 2522 ||| FLEEEEING.
  2526 | D:3      | 2526 ||| FLEEEEING.
  2527 | D:3      | 2527 ||| FLEEEEING.
  2532 | D:3      | 2532 ||| FLEEEEING.
  2533 | D:3      | 2533 ||| FLEEEEING.
  2536 | D:3      | 2536 ||| FLEEEEING.
  2539 | D:3      | HP: 4/26 [Grinder (4)]
  2540 | D:3      | 2540 ||| READING scroll of teleportation.
  2851 | D:3      | 2851 ||| Stepping ~*~*~tactically~*~*~ (stealth).
  2853 | D:3      | 2853 ||| Stepping ~*~*~tactically~*~*~ (hiding).
  2857 | D:3      | HP: 4/26 [gnoll/+0 flail (3)]
  2858 | D:3      | HP: 1/26 [gnoll/+0 spear (3)]
  2858 | D:3      | Slain by a gnoll

Levels and vault maps discovered:
D:1:      dpeg_arrival_prison, layout_basic, minmay_misc_feat_diagonals,
          minmay_bisected
D:2:      layout_rooms, serial_undead, serial_undead_e, serial_undead_c,
          serial_undead_e, serial_undead_d, serial_undead_c, serial_undead_a,
          serial_undead_f, ebering_ecumenical_altar_mist
D:3:      layout_loops_ring, minmay_misc_feat_cross, nicolae_grassy_gnolls,
          uniq_grinder

Skill      XL: |  1  2  3  4 |
---------------+-------------+-----
Axes           | 3 4 5 |  5.1
Armour         | 2 |  2.0
Fighting       | |  2.0
Throwing       | |  1.0
Dodging        | |  2.1
Spellcasting   | |  2.0
Translocations | |  2.4

Action                   |  1- 3 |  4- 6 || total
-------------------------+-------+-------++-------
Melee: Hand axe          |    83 |    70 ||   153
       Kick              |    17 |    16 ||    33
       Peck              |    15 |    10 ||    25
       Punch             |       |     1 ||     1
Throw: Boomerang         |     7 |       ||     7
  Use: Scroll            |     4 |     7 ||    11
Armor: Leather armour    |     5 |       ||     5
       Chain mail        |    21 |    38 ||    59
Dodge: Dodged            |    25 |    11 ||    36
Block: Other             |       |     6 ||     6

Table legend:
 A = Non-vault XP
 B = Vault XP
 C = Vault XP percentage of total XP
 D = Non-vault monster count
 E = Vault monster count
 F = Vault count percentage of total count
                 A         B        C        D         E       F
            +---------+---------+-------+---------+---------+-------
      Total |     138 |      17 |  11.0 |      44 |       9 |  17.0
            +---------+---------+-------+---------+---------+-------
        D:1 |      20 |       9 |  31.0 |      11 |       5 |  31.2
        D:2 |      96 |       8 |   7.7 |      22 |       4 |  15.4
        D:3 |      22 |       0 |   0.0 |      11 |       0 |   0.0
            +---------+---------+-------+---------+---------+-------
